AoeStats
← Korg

Arabia

511019653Analyzed
1v1 RM · 14d ago on Oct 3, 2026· 43m 53s· 2 players
Game mode
Random Map
Map size
Tiny (2 player)
Population
200
Speed
Normal
Resources
Standard
Victory
Conquest
Starting age
Dark Age
Ending age
Imperial Age
RankedLock teamsTeams togetherTeam positionsShared explorationLock speedFull tech treeHidden civsTurbo modeCheats
Victory
Defeat
🇫🇷 Lithuanians · France
1079
+14
vs
🇺🇸 Slavs · United States
1046
-38
TomaDog
6:40 Loom
9:20 Feudal Age
10:16 Double-Bit Axe
19:50 Castle Age
18:22 Horse Collar
19:15 Scale Barding Armor
20:17 Bloodlines
22:11 Bow Saw
24:13 Chain Barding Armor
27:56 Wheelbarrow
27:11 Town Watch
29:40 Hand Cart
29:30 Town Patrol
30:23 Husbandry
30:36 Forging
34:21 Imperial Age
32:00 Stone Mining
32:03 Gold Mining
33:34 Iron Casting
32:50 Fletching
32:24 Crossbowman
33:09 Thumb Ring
33:49 Ballistics
34:21 Padded Archer Armor
34:25 Cavalier
35:45 Plate Barding Armor
35:45 Devotion
36:08 Paladin
37:39 Conscription
37:53 Treadmill Crane
Korg
10:01 Feudal Age
10:14 Loom
12:02 Double-Bit Axe
12:45 Horse Collar
21:14 Castle Age
21:31 Forging
23:30 Iron Casting
22:41 Light Cavalry
24:56 Husbandry
26:50 Bloodlines
28:31 Wheelbarrow
28:42 Scale Barding Armor
30:05 Fletching
31:42 Town Watch
32:05 Elite Skirmisher
33:09 Chain Barding Armor
32:45 Bodkin Arrow
33:01 Gold Mining
33:49 Pikeman
37:44 Imperial Age
36:59 Scale Mail Armor
38:48 Town Patrol
38:29 Cavalier
40:45 Conscription
40:32 Hussar
42:48 Halberdier
Connection lost

Rejoining the realm…

Still unreachable

The connection could not be restored.

Session expired

The server has moved on; the page needs a fresh start.